 Dungeon Crawl Stone Soup version 0.13-a0-2261-g830e84e (webtiles) character file.

8621 Drahman the Protected (level 11, 0/98 HPs)
             Began as a Deep Dwarf Fighter on July 6, 2013.
             Was a Priest of Yredelemnul.
             Slain by an orc knight
             ... wielding a -1,+0 orcish bardiche
              (25 damage)
             ... in a bailey.
             The game lasted 00:32:14 (6449 turns).

Drahman the Protected (Deep Dwarf Fighter)          Turns: 6449, Time: 00:32:14

HP   0/98        AC 14     Str 25      XL: 11   Next:  4%
MP  10/12        EV  8     Int  9      God: Yredelemnul [***...]
Gold 614         SH 27     Dex 16      Spells:  0 memorised, 10 levels left

Res.Fire  : . . .   See Invis. : .   a - +0 dwarf hand axe {=f}
Res.Cold  : . . .   Warding    : +   b - +0 dwarf scale mail
Life Prot.: + . .   Conserve   : .   c - +0 dwarf shield
Res.Poison: .       Res.Corr.  : .   (no helmet)
Res.Elec. : .       Clarity    : .   (no cloak)
Sust.Abil.: . .     Spirit.Shd : .   (no gloves)
Res.Mut.  : .       Stasis     : .   (no boots)
Res.Rott. : .       Flight     : .   i - amulet of warding
Saprovore : . . .                    (no ring)
                                     q - +4 ring of protection

@: non-regenerating, mighty, hasted, injury mirror, very quick, quite resistant
to hostile enchantments, extremely unstealthy
A: damage resistance, recharge devices, sense surroundings 3, slow healing 3,
spit poison 1, Dex +1
a: Device Recharging, Spit Poison, Animate Dead, Recall Undead Slaves, Injury
Mirror, Renounce Religion


You were in a bailey.
You worshipped Yredelemnul.
Yredelemnul was greatly pleased with you.
You were hungry.

You visited 3 branches of the dungeon, and saw 9 of its levels.
You also visited: Bailey.

You collected 594 gold pieces.

Inventory:

Hand weapons
 a - a +0,+0 dwarven hand axe (weapon) {=f}
Armour
 b - a +0 dwarven scale mail (worn)
 c - a +0 dwarven shield (worn)
Magical devices
 d - a wand of heal wounds (3)
Comestibles
 f - 4 bread rations
 g - a royal jelly
 j - 12 sultanas
 l - a meat ration
 p - a pear
 x - 3 rotting chunks of ogre flesh
Scrolls
 e - 5 scrolls of remove curse
 h - 3 scrolls of teleportation
 k - 4 scrolls of identify
 m - a scroll of immolation {unknown}
 n - a scroll of fear {unknown}
 r - a scroll of magic mapping
 t - a scroll of blinking {unknown}
Jewellery
 i - an amulet of warding (around neck)
 o - an uncursed amulet of stasis
 q - a +4 ring of protection (left hand)
Potions
 s - a potion of restore abilities
 v - a potion of agility
 w - 3 potions of curing
 z - 3 potions of heal wounds
Books
 u - a book of Callings

   Spells                             Type                      Level
   Summon Small Mammal                Summoning                    1
   Call Imp                           Summoning                    2
   Call Canine Familiar               Summoning                    3
   Summon Scorpions                   Summoning/Poison             4
   Summon Ice Beast                   Ice/Summoning                4


   Skills:
 + Level 7.1 Fighting
 + Level 8.9 Axes
 * Level 11.2 Armour
 + Level 8.5 Shields
 + Level 10.0 Evocations


You had 10 spell levels left.
You didn't know any spells.

Dungeon Overview and Level Annotations

Branches:
Dungeon (7/27)             Temple (1/1) D:4             Orc (1/4) D:7

Altars:
Ashenzari
Cheibriados
Elyvilon
Fedhas
Kikubaaqudgha
Makhleb
Nemelex Xobeh
Okawaru
Sif Muna
Trog
Vehumet
Xom
Yredelemnul
Zin
the Shining One


Innate Abilities, Weirdness & Mutations

You are resistant to damage.
You can recharge devices by infusing magical energy.
You passively map a large area around you.
You do not heal naturally.
You are agile (Dex +1).
You can spit poison.


Message History

You feel very mighty all of a sudden.
It was a potion of might.
You are feeling hungry.
You block the orc warrior's attack. The orc knight closely misses you.
You block the orc's attack.
Your orc zombie closely misses the orc warrior.
Your orc zombie hits the orc warrior but does no damage.
Use which ability? (? or * to list)
You can't do that.
Drink which item? (? for menu, Esc to quit)
You feel yourself speed up.
The orc warrior hits you from afar with an orcish spear!
* * * LOW HITPOINT WARNING * * *
Yredelemnul mirrors your injury!
The orc warrior is heavily wounded.
You block the orc warrior's attack.
The orc warrior hits you from afar with an orcish trident.
The orc knight hits you with an orcish bardiche!
You die...
Your body rises from the dead as a mindless zombie. #.......# #.......# #.......# #.......# ##.....## ##'''## #.....# #zzzz.#

#o@oo.#
#.ooo.#
#oo...#
##'''##
#.....#*
#.......#
#.......#
#.......#
#....oo.#


You could see 2 orc knights, 3 orc warriors, 3 orcs and 4 friendly orc zombies.

Vanquished Creatures
  Joseph (D:7)
  A troll (Orc:1)
  The ghost of ilii the Insei, an average GrMo (D:4)
  A hippogriff (D:7)
  Edmund (D:4)
  6 orc warriors
  An ice beast (D:6)
  A sky beast (D:6)
  An ogre (Orc:1)
  A centaur (D:5)
  A giant goldfish (D:7)
  Duvessa (D:6)
  A giant frog (D:6)
  6 crimson imps
  3 wights (D:7)
  A giant frog zombie (D:6)
  Dowan (D:6)
  A hound (D:4)
  7 orc wizards
  7 orc priests
  2 scorpions (D:5)
  6 worker ants
  2 jellies
  8 adders
  4 gnolls (D:4)
  A giant mite (D:5)
  6 worms
  3 giant geckos (D:1)
  3 oozes
  51 orcs
  9 bats
  A bat zombie (D:5)
  5 giant cockroaches
  21 goblins
  13 hobgoblins
  7 jackals
  2 quokkas
  A ball python (D:1)
  A giant gecko skeleton (D:4)
  3 giant newts
  7 kobolds
  2 kobold skeletons
  An orc zombie (D:5)
  11 rats
  2 ballistomycetes (D:4)
216 creatures vanquished.

Vanquished Creatures (collateral kills)
  3 orc warriors
  A giant goldfish (D:7)
  A centaur (D:6)
  A giant frog (D:6)
  A warg (Orc:1)
  16 orcs
  A bat (D:6)
  2 hobgoblins (Orc:1)
  A goblin (D:6)
27 creatures vanquished.

Vanquished Creatures (others)
  A worker ant zombie (D:6)
  An orc (D:7)
  A bat zombie (D:6)
  A giant spore (D:4)
  2 goblin zombies
  2 jackal zombies (D:7)
  17 orc zombies
25 creatures vanquished.

Grand Total: 268 creatures vanquished

Notes
Turn   | Place    | Note
--------------------------------------------------------------
     0 | D:1      | Drahman, the Deep Dwarf Fighter, began the quest for the Orb.
     0 | D:1      | Reached XP level 1. HP: 21/21 MP: 0/0
   138 | D:1      | Reached XP level 2. HP: 24/28 MP: 1/1
   312 | D:1      | Reached XP level 3. HP: 29/36 MP: 2/2
   654 | D:2      | Reached skill level 1 in Evocations
   712 | D:2      | Reached skill level 4 in Armour
   795 | D:2      | Found a white marble altar of Elyvilon.
   838 | D:2      | Reached XP level 4. HP: 31/43 MP: 4/4
  1447 | D:3      | Found a deep blue altar of Sif Muna.
  1894 | D:4      | Noticed ilii's ghost (average GrMo)
  1935 | D:4      | Killed ilii's ghost
  1935 | D:4      | Reached XP level 5. HP: 37/50 MP: 6/6
  2016 | D:4      | Reached skill level 5 in Armour
  2016 | D:4      | Reached XP level 6. HP: 31/57 MP: 8/8
  2206 | D:4      | Noticed Edmund
  2255 | D:4      | Killed Edmund
  2387 | D:4      | Reached XP level 7. HP: 19/64 MP: 10/10
  2417 | D:4      | Reached skill level 6 in Armour
  2417 | D:4      | Reached skill level 5 in Shields
  2573 | D:4      | Found a staircase to the Ecumenical Temple.
  2579 | Temple   | Entered the Ecumenical Temple
  2669 | Temple   | Became a worshipper of Yredelemnul the Dark
  2703 | D:4      | Found a shimmering altar of Xom.
  2934 | D:5      | Entered Level 5 of the Dungeon
  3476 | D:5      | Reached XP level 8. HP: 51/73 MP: 12/12
  3506 | D:5      | Reached skill level 7 in Armour
  3995 | D:6      | Reached skill level 5 in Evocations
  4039 | D:6      | Acquired Yredelemnul's first power
  4192 | D:6      | Noticed Dowan
  4193 | D:6      | Noticed Duvessa
  4209 | D:6      | Killed Dowan
  4238 | D:6      | Killed Duvessa
  4238 | D:6      | Reached skill level 5 in Axes
  4479 | D:6      | Reached skill level 8 in Armour
  4549 | D:6      | Reached skill level 5 in Fighting
  4812 | D:6      | Gained mutation: You are agile (Dex +1). [mutagenic meat]
  4813 | D:6      | Gained mutation: You passively map the area around you. [mutagenic meat]
  4814 | D:6      | Gained mutation: You can spit poison. [mutagenic meat]
  5106 | D:7      | Gained mutation: You passively map a large area around you. [level up]
  5106 | D:7      | Reached XP level 9. HP: 29/80 MP: 15/15
  5331 | D:7      | HP: 2/80 [orc warrior/orcish scimitar (3)]
  5522 | D:7      | Noticed Joseph
  5575 | D:7      | Killed Joseph
  5575 | D:7      | Reached skill level 9 in Armour
  5589 | D:7      | Acquired Yredelemnul's second power
  5673 | D:7      | Found a staircase to the Orcish Mines.
  5700 | D:7      | HP: 3/81 [orc warrior/runed orcish flail (15)]
  5792 | Orc:1    | Entered Level 1 of the Orcish Mines
  6212 | Orc:1    | Found a flagged portal.
  6219 | Orc:1    | Acquired Yredelemnul's third power
  6224 | Bailey   | Entered a bailey
  6306 | Bailey   | Reached XP level 10. HP: 68/90 MP: 10/10
  6430 | Bailey   | Noticed an orc knight
  6430 | Bailey   | Noticed an orc knight
  6447 | Bailey   | Reached skill level 11 in Armour
  6447 | Bailey   | Reached skill level 10 in Evocations
  6447 | Bailey   | Reached XP level 11. HP: 36/98 MP: 10/12
  6449 | Bailey   | Slain by an orc knight

Action                   |  1- 3 |  4- 6 |  7- 9 | 10-12 || total
-------------------------+-------+-------+-------+-------++-------
Melee: Hand axe          |   122 |   212 |   900 |    44 ||  1278
Invok: Animate Remains   |       |       |    26 |       ||    26
       Animate Dead      |       |       |     1 |     1 ||     2
       Injury Mirror     |       |       |       |     1 ||     1
 Abil: Device Recharging |       |       |    10 |     1 ||    11
       Spit Poison       |       |       |     1 |       ||     1
Evoke: Wand              |       |     3 |    41 |     5 ||    49
  Use: Potion            |       |     5 |     5 |     3 ||    13
       Scroll            |       |       |    13 |       ||    13
 Stab: Distracted        |       |       |     1 |       ||     1
